 Dungeon Crawl Stone Soup version 0.29.1-2-gbd0b4ee654 (webtiles) character file.

Game seed: 5837107551198266065

458 fleeber the Destroyer (level 6, -2/32 HPs)
             Began as a Deep Elf Conjurer on Nov 5, 2022.
             Slain by a howler monkey (6 damage)
             ... on level 4 of the Dungeon.
             The game lasted 00:19:58 (4456 turns).

fleeber the Destroyer (Deep Elf Conjurer)           Turns: 4456, Time: 00:19:59

Health: -2/32      AC:  4    Str:  4    XL:     6   Next: 77%
Magic:  12/15      EV: 12    Int: 25    God:
Gold:   370        SH:  0    Dex: 13    Spells: 14/15 levels left

rFire   . . .      SeeInvis .   i - +1 dagger (venom)
rCold   . . .      Faith    .   (no shield)
rNeg    . . .      Spirit   .   a - +0 robe
rPois   +          Reflect  .   (no helmet)
rElec   .          Harm     .   n - +1 cloak {rPois}
rCorr   .          Rampage  .   (no gloves)
Will    .....                   (no boots)
Stlth   ++........              (no amulet)
HPRegen 0.10/turn               (no ring)
MPRegen 0.14/turn               (no ring)

@: no status effects
A: no striking features
a: no special abilities


You were on level 4 of the Dungeon.
You visited 1 branch of the dungeon, and saw 5 of its levels.

You collected 370 gold pieces.

Inventory:

Hand Weapons
 i - a +1 dagger of venom (weapon)
Missiles
 k - a throwing net
Armour
 a - a +0 robe (worn)
 n - a +1 cloak of poison resistance (worn)
Scrolls
 b - a scroll of fog
 d - a scroll of teleportation
 f - a scroll of fear
 j - a scroll of acquirement
 o - a scroll of summoning {unknown}
Potions
 c - 2 potions of magic
 e - 4 potions of curing {unknown}
 g - 2 potions of flight {unknown}
 h - 2 potions of lignification {unknown}
 m - a potion of berserk rage {unknown}
 p - 2 potions of heal wounds {unknown}


   Skills:
 - Level 2.4 Dodging
 - Level 2.4 Stealth
 - Level 5.0 Spellcasting
 + Level 8.3 Conjurations


You had 14 spell levels left.
You knew the following spells:

 Your Spells              Type           Power      Damage    Failure   Level
a - Magic Dart            Conj           100%       1d8       1%          1

Your spell library contained the following spells:

 Spells                   Type           Power      Damage    Failure   Level
 Searing Ray              Conj           96%        2d7       1%          2
 Dazzling Flash           Conj/Hex       54%        N/A       4%          3
 Fulminant Prism          Conj/Hex       13%        3d9       14%         4
 Iskenderun's Mystic Bla  Conj/Tloc      27%        2d7       14%         4


Dungeon Overview and Level Annotations

Branches:
Dungeon (5/15)
 Temple: D:4-7

Altars:
Sif Muna

Annotations:
D:4 2 transporters, Edmund; nshep25's ghost, amateur MiFi


Message History

There is a stone staircase leading down here.
This spell is quite dangerous to cast!
Memorise Iskenderun's Mystic Blast, consuming 4 spell levels and leaving 10?
The howler monkey hits you.
Your memorisation is interrupted.
Edmund hits you with a +2 flail of holy wrath!
Casting: Magic Dart (safe; 1% risk of failure)
Confirm with . or Enter, or press ? or * to list all spells.
Okay, then.
Okay, then.
Aiming: Magic Dart (safe; 1% risk of failure)
Press: ? - help, Q - select action, (/) - cycle Shift-Dir - straight line, f - Edmund
Aim: Edmund, wielding a +2 flail of holy wrath and wearing a +0 leather armour (strong, 100% to hit)
The magic dart hits Edmund.
Edmund is lightly wounded.
The howler monkey hoots and howls with incredible vigour!
Edmund barely misses you.
Casting: Magic Dart (safe; 1% risk of failure)
Confirm with . or Enter, or press ? or * to list all spells.
Okay, then.
Aiming: Magic Dart (safe; 1% risk of failure)
Press: ? - help, Q - select action, (/) - cycle Shift-Dir - straight line, f/p - Edmund
Aim: Edmund, wielding a +2 flail of holy wrath and wearing a +0 leather armour (lightly wounded, strong, 100% to hit)
The magic dart hits Edmund!
Edmund is moderately wounded.
The howler monkey hits you. Edmund misses you.
Aiming: Magic Dart (safe; 1% risk of failure)
Press: ? - help, Q - select action, (/) - cycle Shift-Dir - straight line, f/p - Edmund
Aim: Edmund, wielding a +2 flail of holy wrath and wearing a +0 leather armour (moderately wounded, strong, 100% to hit)
The magic dart hits Edmund.
Edmund is moderately wounded.
The howler monkey hits you.
Edmund hits you with a +2 flail of holy wrath!
* * * LOW HITPOINT WARNING * * *
Casting: Magic Dart (safe; 1% risk of failure)
Confirm with . or Enter, or press ? or * to list all spells.
Okay, then.
This spell is quite dangerous to cast!
Memorise Iskenderun's Mystic Blast, consuming 4 spell levels and leaving 10?
The howler monkey hits you.
Your memorisation is interrupted.
You die...

##################
#.................
#.#...#####.######
#...### #.# #
####.#########.# #
#....h.......#.# #
#..@@........#.#### #
#.................###
#....................
###########.......###
#..........
#........##
#........#
#........##
#..........


You could see Edmund (strong) and a howler monkey (catching breath).

Vanquished Creatures
  A scorpion (D:2)
  A jelly (D:4)
  An orc priest (D:3)
  Jessica (D:2)
  4 iguanas
  An orc wizard (D:4)
  4 gnolls (D:3)
  5 adders
  A worm (D:3)
  2 dart slugs
  3 orcs
  5 bats
  10 endoplasms
  4 giant cockroaches
  10 goblins
  3 hobgoblins
  9 jackals
  8 kobolds
  4 quokkas
  7 ball pythons
  6 frilled lizards
  8 rats
98 creatures vanquished.

Vanquished Creatures (others)
  A gnoll (D:5)
  A white imp (D:5)
2 creatures vanquished.

Grand Total: 100 creatures vanquished

Notes
Turn   | Place    | Note
-------+----------+-------------------------------------------
     0 | D:1      | fleeber the Deep Elf Conjurer began the quest for the Orb.
     0 | D:1      | Reached XP level 1. HP: 10/10 MP: 6/6
   104 | D:1      | Reached XP level 2. HP: 7/15 MP: 1/9
   843 | D:1      | Reached XP level 3. HP: 19/19 MP: 4/11
   972 | D:1      | Reached skill level 5 in Spellcasting
  1260 | D:2      | Noticed Jessica
  1263 | D:2      | Killed Jessica
  1264 | D:2      | Reached skill level 5 in Conjurations
  1324 | D:2      | Reached XP level 4. HP: 24/24 MP: 9/13
  1650 | D:2      | Identified the +6 sling "Nugyrphao" {freeze, Will+ Str-5
                  | Dex+2 SInv}
  1909 | D:3      | Reached skill level 6 in Conjurations
  2004 | D:3      | Reached XP level 5. HP: 28/28 MP: 12/14
  2136 | D:3      | Found a faded altar of an unknown god.
  2565 | D:2      | Reached skill level 7 in Conjurations
  3064 | D:4      | Reached XP level 6. HP: 32/32 MP: 6/15
  3201 | D:4      | Noticed nshep25's ghost (amateur MiFi)
  3209 | D:4      | Found a transporter.
  3387 | D:4      | Found a transporter.
  3959 | D:4      | Found a shimmering blue altar of Sif Muna.
  4125 | D:5      | Entered Level 5 of the Dungeon
  4131 | D:5      | Identified a scroll of acquirement
  4251 | D:5      | Reached skill level 8 in Conjurations
  4421 | D:5      | Noticed Edmund
  4456 | D:4      | Slain by a howler monkey

Illustrated notes

Levels and vault maps discovered:
D:1:      lemuel_arrival_lava_pool, layout_basic, st_stairs_7,
          wander_ebering_terrifying_dragon_lair
D:2:      layout_rooms, minmay_split_cup_small, uniq_jessica
D:3:      layout_loops_ring, chequers_ecumenical_altar_simple_redux
D:4:      layout_basic, kennysheep_orc_sif_temple, gammafunk_ghost_mausoleum
D:5:      layout_loops_ring, kennysheep_little_box, gup_sewer_entry_spiral,
          lemuel_flamethrower_2, uniq_blork_the_orc, uniq_edmund

Skill      XL: |  1  2  3  4  5  6 |
---------------+-------------------+-----
Spellcasting   | 4 5 |  5.0
Conjurations   | 5 6 7 8 |  8.3
Dodging        | |  2.4
Stealth        | |  2.4

Action                   |  1- 3 |  4- 6 || total
-------------------------+-------+-------++-------
Melee: Dagger            |     8 |    11 ||    19
 Cast: Magic Dart        |    71 |   156 ||   227
  Use: Potion            |     1 |       ||     1
       Scroll            |       |     4 ||     4
Armor: Robe              |     9 |     4 ||    13
Dodge: Dodged            |    16 |    32 ||    48
